[Event "Titled Tuesday Blitz January 10 Early 2023"]
[White "Sarana, Alexey"]
[Black "Aradhya, Garg"]
[WhiteFideId "24133795"]
[BlackFideId "25006746"]
[WhiteElo "2685"]
[BlackElo "2284"]
[Result "1-0"]
[Round "05"]
[TimeControl "180+2"]
[Date "2023.01.10"]
[WhiteClock "0:00:28"]
[BlackClock "0:00:13"]

1. c4 c5 2. Nf3 Nc6 3. Nc3 Nf6 4. g3 g6 5. Bg2 Bg7 6. O-O d5 7. cxd5 Nxd5 8. Nxd5 Qxd5 9. d3 O-O 10. Be3 Qd6 11. Rc1 b6 12. d4 cxd4 13. Rxc6 Qxc6 14. Nxd4 Qd6 15. Bxa8 Bh3 16. Bg2 Bxg2 17. Kxg2 Rd8 18. Qa4 Bxd4 19. Rd1 e5 20. Bxd4 exd4 21. e3 Qd5+ 22. f3 d3 23. Kf2 a6 24. Rd2 Qc5 25. Qb3 Qd6 26. Qa3 Qc6 27. Qc3 Qb5 28. b3 h5 29. e4 Rd6 30. Ke3 Qg5+ 31. f4 Qg4 32. Rxd3 Rxd3+ 33. Qxd3 Qh3 34. Qe2 h4 35. Qf2 hxg3 36. hxg3 Qe6 37. Qe2 Qh3 38. Qf2 Qe6 39. f5 Qd6 40. fxg6 fxg6 41. Kf3 Qf6+ 42. Kg2 Qe5 43. Qe2 Kg7 44. a4 a5 45. Qe3 Qb2+ 46. Kh3 Qe5 47. Qf3 Qe6+ 48. Kg2 Qe5 49. Qd3 Qb2+ 50. Kf3 Qf6+ 51. Ke3 Qg5+ 52. Ke2 Qg4+ 53. Kd2 Qg5+ 54. Kc2 Kh7 55. Qd7+ Kh6 56. Qd2 Kh5 57. Qxg5+ Kxg5 58. Kd3 Kg4 59. e5 Kf5 60. Kd4 Ke6 61. Ke4 g5 62. g4 Ke7 63. Kd5 Kf7 64. e6+ Ke7 65. Ke5 Ke8 66. Kf6 Kf8 67. Kxg5 Ke7 68. Kf5 Ke8 69. g5 Ke7 70. g6 Ke8 71. Kf6 Kf8 72. g7+ Kg8 73. e7 Kh7 74. e8=Q Kh6 75. Qh8# 1-0


[Site "https://www.chess.com"]

[Event "Titled Tuesday Blitz January 10 Early 2023"]
[White "Deac, Bogdan-Daniel"]
[Black "Nigmatov, Ortik"]
[WhiteFideId "1226380"]
[BlackFideId "14202131"]
[WhiteElo "2700"]
[BlackElo "2438"]
[Result "1-0"]
[Round "05"]
[TimeControl "180+2"]
[Date "2023.01.10"]
[WhiteClock "0:02:17"]
[BlackClock "0:01:38"]

1. b3 Nf6 2. Bb2 e6 3. Nf3 Be7 4. c4 O-O 5. g3 d5 6. Bg2 c5 7. cxd5 exd5 8. d4 b6 9. O-O Nc6 10. Nc3 Bb7 11. Rc1 Rc8 12. dxc5 bxc5 13. Bh3 Rb8 14. Na4 Ne4 15. Nd2 Nxd2 16. Qxd2 d4 17. Nxc5 Bg5 18. f4 Ba8 19. fxg5 Ne5 20. Qxd4 1-0


[Site "https://www.chess.com"]

[Event "Titled Tuesday Blitz January 10 Early 2023"]
[White "Avila Pavas, Santiago"]
[Black "Jobava, Baadur"]
[WhiteFideId "4437128"]
[BlackFideId "13601520"]
[WhiteElo "2522"]
[BlackElo "2578"]
[Result "1-0"]
[Round "05"]
[TimeControl "180+2"]
[Date "2023.01.10"]
[WhiteClock "0:00:34"]
[BlackClock "0:00:16"]

1. d4 d5 2. Bf4 c5 3. e3 Nc6 4. c3 Nf6 5. Nd2 cxd4 6. exd4 Bf5 7. Ngf3 e6 8. Qb3 Qb6 9. Qxb6 axb6 10. h3 h6 11. Bb5 Nd7 12. O-O g5 13. Bg3 f6 14. c4 Na7 15. Ba4 b5 16. cxb5 Nb6 17. Bb3 Nxb5 18. Rfc1 Bd6 19. a4 Bxg3 20. fxg3 Nd6 21. a5 Nd7 22. Ba4 O-O 23. Bxd7 Rfd8 24. Rc7 Kf8 25. b4 Rab8 26. Rac1 h5 27. Ba4 b6 28. a6 Bd3 29. a7 Ra8 30. Bc6 Nb5 31. Bxa8 Nxc7 32. Rxc7 Rxa8 33. Rb7 1-0


[Site "https://www.chess.com"]

[Event "Titled Tuesday Blitz January 10 Early 2023"]
[White "Samunenkov, Ihor"]
[Black "Salem, A.R. Saleh"]
[WhiteFideId "14187086"]
[BlackFideId "9301348"]
[WhiteElo "2501"]
[BlackElo "2677"]
[Result "0-1"]
[Round "05"]
[TimeControl "180+2"]
[Date "2023.01.10"]
[WhiteClock "0:00:01"]
[BlackClock "0:00:51"]

1. d4 Nf6 2. c4 e6 3. Nf3 c5 4. d5 d6 5. Nc3 exd5 6. cxd5 g6 7. e4 Bg7 8. h3 O-O 9. Be3 Nbd7 10. Nd2 a6 11. a4 Ne8 12. Be2 Ne5 13. O-O f5 14. f4 Nf7 15. Nc4 fxe4 16. Nxe4 Nf6 17. Nc3 Re8 18. Bd3 Bd7 19. a5 Bb5 20. Qf3 Bxc4 21. Bxc4 Ng4 22. Qxg4 Rxe3 23. Kh1 Nh6 24. Qd1 Nf5 25. Rf3 Qh4 26. Bd3 Rae8 27. Rxe3 Nxe3 28. Qf3 c4 29. Be4 Nf5 30. Bxf5 gxf5 31. Qf1 Bd4 32. Rd1 Bf2 33. Qxc4 Bc5 34. Qf1 Re3 35. Na4 Bd4 36. Nb6 Re4 37. Nc4 Bc5 38. b4 Rxf4 39. Qd3 Rd4 40. Qe2 Qf2 0-1


[Site "https://www.chess.com"]

[Event "Titled Tuesday Blitz January 10 Early 2023"]
[White "Halkias, Stelios"]
[Black "Paravyan, David"]
[WhiteFideId "4201809"]
[BlackFideId "4194985"]
[WhiteElo "2511"]
[BlackElo "2601"]
[Result "0-1"]
[Round "05"]
[TimeControl "180+2"]
[Date "2023.01.10"]
[WhiteClock "0:00:01"]
[BlackClock "0:00:02"]

1. Nf3 Nf6 2. c4 g6 3. Nc3 d5 4. cxd5 Nxd5 5. h4 Bg7 6. e4 Nxc3 7. dxc3 Qxd1+ 8. Kxd1 f5 9. Be3 fxe4 10. Nd2 Bf5 11. h5 Nc6 12. Be2 O-O-O 13. g4 Be6 14. Kc2 Bd5 15. Rad1 e5 16. Bc4 Bxc4 17. Nxc4 Rxd1 18. Kxd1 Nd8 19. Nd2 Ne6 20. Nxe4 Rd8+ 21. Ke2 b6 22. hxg6 hxg6 23. Rh7 Rd7 24. g5 Kb7 25. Rh4 Kc6 26. a4 a6 27. Nd2 Rd8 28. Rh7 Rf8 29. Kd3 Kd5 30. b4 b5 31. axb5 axb5 32. Ne4 Rd8 33. f3 Ra8 34. Kc2 Ra2+ 35. Kd3 Ra1 36. Rh2 Rf1 37. Ke2 Rb1 38. Kd3 Rd1+ 39. Ke2 Ra1 40. Kd3 Nf4+ 41. Bxf4 exf4 42. Rh7 Be5 43. Re7 Re1 0-1


[Site "https://www.chess.com"]

[Event "Titled Tuesday Blitz January 10 Early 2023"]
[White "Maksimovic, Bojan"]
[Black "Eljanov, Pavel"]
[WhiteFideId "14408120"]
[BlackFideId "14102951"]
[WhiteElo "2486"]
[BlackElo "2705"]
[Result "1/2-1/2"]
[Round "05"]
[TimeControl "180+2"]
[Date "2023.01.10"]
[WhiteClock "0:00:04"]
[BlackClock "0:00:20"]

1. g3 d5 2. Bg2 e5 3. Nf3 Nc6 4. O-O Nf6 5. c4 d4 6. d3 a5 7. e3 dxe3 8. Bxe3 Be7 9. Nc3 O-O 10. d4 exd4 11. Nxd4 Nxd4 12. Qxd4 c6 13. Rfd1 Be6 14. b3 Qxd4 15. Bxd4 Rfd8 16. Bb6 Rxd1+ 17. Rxd1 Nd7 18. Be3 Nc5 19. h3 h5 20. f4 Bf5 21. Kf2 g6 22. Kf3 Be6 23. g4 hxg4+ 24. hxg4 a4 25. Bxc5 Bxc5 26. Nxa4 Bb4 27. Bf1 Kg7 28. Bd3 Kf6 29. f5 gxf5 30. gxf5 b5 31. fxe6 bxa4 32. exf7 Kxf7 33. Be4 axb3 34. axb3 Ra3 35. Bxc6 Rxb3+ 36. Ke4 Rh3 37. Bd5+ Ke7 38. Rb1 Bc5 39. Rb8 Kf6 40. Rc8 Re3+ 41. Kf4 Bd4 42. Rc6+ Ke7 43. Be4 Rc3 44. Bf5 Rc1 45. Ke4 Bg1 46. Re6+ Kf7 47. Kd5 Rd1+ 48. Kc6 Rf1 49. Bh3 Rf3 50. Re1 Bd4 51. Be6+ Kf6 52. Bd5 Re3 53. Rf1+ Ke7 54. Rf7+ Ke8 55. Rh7 Re7 56. Rh5 Ra7 57. c5 Ra5 58. Bc4 Rxc5+ 59. Rxc5 Bxc5 1/2-1/2


[Site "https://www.chess.com"]

[Event "Titled Tuesday Blitz January 10 Early 2023"]
[White "Vokhidov, Shamsiddin"]
[Black "Ioannidis, Evgenios"]
[WhiteFideId "14204223"]
[BlackFideId "4229274"]
[WhiteElo "2586"]
[BlackElo "2467"]
[Result "1-0"]
[Round "05"]
[TimeControl "180+2"]
[Date "2023.01.10"]
[WhiteClock "0:01:30"]
[BlackClock "0:00:01"]

1. e4 e5 2. Nf3 Nc6 3. Nc3 Nf6 4. a3 a6 5. d4 exd4 6. Nxd4 Bc5 7. Be3 Nxd4 8. Bxd4 Bxd4 9. Qxd4 d6 10. O-O-O Qe7 11. f4 Bg4 12. Re1 Be6 13. Bd3 c5 14. Qf2 c4 15. Be2 b5 16. g4 O-O-O 17. g5 Ne8 18. Qd4 Nc7 19. Bf3 Kb8 20. Qb6+ Kc8 21. h4 Rhe8 22. f5 Bd7 23. e5 d5 24. Bxd5 Bxf5 25. Bb7+ 1-0


[Site "https://www.chess.com"]

[Event "Titled Tuesday Blitz January 10 Early 2023"]
[White "Cherniaiev, Tykhon"]
[Black "Svane, Rasmus"]
[WhiteFideId "14182360"]
[BlackFideId "4657101"]
[WhiteElo "2330"]
[BlackElo "2623"]
[Result "1/2-1/2"]
[Round "05"]
[TimeControl "180+2"]
[Date "2023.01.10"]
[WhiteClock "0:00:14"]
[BlackClock "0:00:08"]

1. Nf3 d5 2. d4 Nf6 3. c4 e6 4. g3 Bb4+ 5. Bd2 a5 6. Qc2 O-O 7. Bg2 Be7 8. O-O c6 9. a4 Na6 10. c5 b6 11. Ne5 Bb7 12. cxb6 Qxb6 13. Bc3 Rfc8 14. Qd2 Nb4 15. Na3 c5 16. dxc5 Bxc5 17. Nb5 h6 18. Nd3 Ne4 19. Bxe4 dxe4 20. Nxc5 Qxc5 21. Nd6 Rc7 22. Bxb4 Qxb4 23. Qxb4 axb4 24. Nxb7 Rxb7 25. b3 Kf8 26. e3 Ke7 27. Rfc1 f5 28. Rc4 Ra6 29. Kg2 Rd6 30. a5 Ra6 31. Ra4 Rb5 32. Rcxb4 Rxb4 33. Rxb4 Rxa5 34. Rb7+ Kf6 35. b4 Ra2 36. b5 Rb2 37. h4 g5 38. hxg5+ hxg5 39. Rb6 Ke5 40. Rb8 Rb1 41. Rg8 g4 42. Rb8 Kd6 43. Rd8+ Kc7 44. Re8 Kd7 45. Rb8 Kd6 46. Rd8+ Ke7 47. Rb8 Kd7 48. Rb7+ Kd6 49. Rb8 Kd5 50. Rd8+ Kc5 51. Re8 Rxb5 52. Rxe6 Kc4 53. Re8 Kd3 54. Ra8 Rd5 55. Kf1 Rc5 56. Ra3+ Kd2 57. Ra2+ Kd1 58. Ra1+ Kc2 59. Ra2+ Kb3 60. Ra8 Kc4 61. Rd8 Rd5 62. Ra8 Rb5 63. Ra4+ Kd5 64. Rd4+ Kc5 65. Rd8 Kc4 66. Ra8 Kd5 67. Rd8+ Ke6 68. Ra8 Rb1+ 69. Kg2 Rc1 70. Ra5 Rd1 71. Ra6+ Ke5 72. Ra5+ Rd5 73. Ra6 Rc5 74. Rb6 Kd5 75. Kf1 Kc4 76. Ra6 Kb3 77. Ra7 Kc2 78. Ra2+ Kb1 79. Ra6 Kb2 80. Ra7 Kc1 81. Ra1+ Kd2 82. Ra2+ Kd3 83. Ra3+ Kd2 84. Ra2+ 1/2-1/2


[Site "https://www.chess.com"]

[Event "Titled Tuesday Blitz January 10 Early 2023"]
[White "Oparin, Grigoriy"]
[Black "Horvath, Dominik"]
[WhiteFideId "24125890"]
[BlackFideId "1642561"]
[WhiteElo "2667"]
[BlackElo "2523"]
[Result "0-1"]
[Round "05"]
[TimeControl "180+2"]
[Date "2023.01.10"]
[WhiteClock "0:00:03"]
[BlackClock "0:01:03"]

1. Nf3 d5 2. g3 g6 3. c4 dxc4 4. Na3 Bg7 5. Nxc4 Nc6 6. d3 e5 7. Bd2 Nf6 8. Nfxe5 Nxe5 9. Nxe5 O-O 10. Nf3 Re8 11. Bc3 Bf5 12. e3 c5 13. Be2 Bh3 14. Qb3 Qd7 15. Ne5 Rxe5 16. Bxe5 Be6 17. Qc3 Nd5 18. Bxg7 Nxc3 19. Bxc3 b5 20. a3 b4 21. axb4 cxb4 22. Bd4 Qd5 23. f3 a5 24. Kf2 a4 25. h4 a3 26. bxa3 bxa3 27. Rhb1 a2 28. Rb4 h5 29. Bf6 Qa5 30. Rb2 Qf5 31. Bd4 Qh3 32. e4 Qh2+ 33. Ke3 Qxg3 34. Bf6 Qc7 35. Rd2 Qb6+ 36. Kf4 Qf2 37. d4 Bc4 0-1


[Site "https://www.chess.com"]

[Event "Titled Tuesday Blitz January 10 Early 2023"]
[White "Keymer, Vincent"]
[Black "Acor, Corey"]
[WhiteFideId "12940690"]
[BlackFideId "2024861"]
[WhiteElo "2700"]
[BlackElo "2216"]
[Result "1-0"]
[Round "05"]
[TimeControl "180+2"]
[Date "2023.01.10"]
[WhiteClock "0:00:11"]
[BlackClock "0:00:03"]

1. a3 e5 2. c4 Nc6 3. d3 g6 4. g3 Bg7 5. Bg2 d6 6. Nc3 Be6 7. b4 a6 8. Bb2 Nf6 9. Nf3 h6 10. O-O d5 11. cxd5 Nxd5 12. Ne4 b6 13. Rc1 Nde7 14. Qa4 Bd7 15. Qc2 O-O 16. Rfd1 f5 17. Qb3+ Kh7 18. Ned2 Rc8 19. e3 Qe8 20. Nc4 Ng8 21. Qc2 Nce7 22. Qe2 Ba4 23. Re1 Nc6 24. h4 Kh8 25. Ba1 Bb5 26. Qc2 Qe6 27. Qb3 e4 28. Bxg7+ Kxg7 29. Nfd2 exd3 30. Qxd3 Rcd8 31. Qc3+ Qf6 32. Nb3 Bxc4 33. Qxc4 Ne5 34. Qxc7+ Rf7 35. Qc3 Nd3 36. Qxf6+ Nxf6 37. Rcd1 Rfd7 38. Rf1 Nb2 39. Rxd7+ Rxd7 40. Nd4 Nc4 41. a4 Kf7 42. Rc1 Ne5 43. a5 bxa5 44. bxa5 Nd3 45. Rc3 Nb4 46. Rc4 Nbd5 47. Rc6 Nb4 48. Rb6 Nfd5 49. Bxd5+ Nxd5 50. Rxa6 Rc7 51. Rc6 Rb7 52. Rd6 Rb1+ 53. Kg2 Nc3 54. a6 Ra1 55. Rd7+ Kf6 56. a7 g5 57. hxg5+ hxg5 58. Nc6 g4 59. Rd8 Nb5 60. a8=Q 1-0


[Site "https://www.chess.com"]

[Event "Titled Tuesday Blitz January 10 Early 2023"]
[White "Zahid, Sanatan"]
[Black "Bachmann, Axel"]
[WhiteFideId "10201963"]
[BlackFideId "3700488"]
[WhiteElo "1930"]
[BlackElo "2604"]
[Result "0-1"]
[Round "05"]
[TimeControl "180+2"]
[Date "2023.01.10"]
[WhiteClock "0:00:43"]
[BlackClock "0:00:26"]

1. d4 Nf6 2. Nc3 d5 3. Bf4 e6 4. Nb5 Na6 5. e3 c6 6. Nc3 Nb8 7. g4 Bd6 8. g5 Ng8 9. Nf3 Qc7 10. Qd2 Ne7 11. h4 Nd7 12. O-O-O e5 13. dxe5 Nxe5 14. Nxe5 Bxe5 15. Bg2 Bg4 16. f3 Bh5 17. Bxe5 Qxe5 18. Qd4 Qxd4 19. Rxd4 O-O-O 20. Kd2 Rhe8 21. Re1 c5 22. Rf4 Kb8 23. Ne2 Ng6 24. Ra4 d4 25. exd4 Nxh4 26. Nf4 Bxf3 27. Rxe8 Rxe8 28. Bh3 Re4 29. Nd3 Rxd4 30. Ra3 c4 31. Ra4 c3+ 32. bxc3 Rxa4 33. Nc5 Rxa2 34. g6 hxg6 35. Nd3 Bc6 36. Nb4 Ra4 37. Nd3 Nf5 38. Ne5 Rh4 39. Bf1 a5 40. Nxf7 a4 41. Ne5 a3 0-1


[Site "https://www.chess.com"]

[Event "Titled Tuesday Blitz January 10 Early 2023"]
[White "Goryachkina, Aleksandra"]
[Black "Dvirnyy, Danyyil"]
[WhiteFideId "4147103"]
[BlackFideId "817570"]
[WhiteElo "2571"]
[BlackElo "2541"]
[Result "1/2-1/2"]
[Round "05"]
[TimeControl "180+2"]
[Date "2023.01.10"]
[WhiteClock "0:00:10"]
[BlackClock "0:00:44"]

1. e4 e6 2. d4 d5 3. Nc3 Nf6 4. Bg5 h6 5. Bxf6 Qxf6 6. exd5 Bb4 7. dxe6 Bxe6 8. Nf3 O-O 9. Be2 Rd8 10. O-O c5 11. Ne4 Qf4 12. Ng3 cxd4 13. a3 Ba5 14. Bd3 Nc6 15. b4 Bc7 16. Re1 Bg4 17. Be2 d3 18. cxd3 Bb6 19. Qc1 Qf6 20. Ne4 Qg6 21. Qf4 Bxf3 22. Bxf3 Nd4 23. Rac1 Rac8 24. Nc5 Bxc5 25. Rxc5 Rxc5 26. bxc5 Qxd3 27. Qe4 Nxf3+ 28. Qxf3 Qxf3 29. gxf3 Rd3 30. Re8+ Kh7 31. Re7 Kg6 32. Rxb7 Rxa3 33. Kg2 Kf6 34. c6 Rc3 35. c7 a5 36. Ra7 a4 37. Rxa4 Rxc7 38. Ra6+ 1/2-1/2


[Site "https://www.chess.com"]

[Event "Titled Tuesday Blitz January 10 Early 2023"]
[White "Tomashevsky, Evgeny"]
[Black "Starozhilov, Leonid"]
[WhiteFideId "4147235"]
[BlackFideId "14106752"]
[WhiteElo "2694"]
[BlackElo "2313"]
[Result "1-0"]
[Round "05"]
[TimeControl "180+2"]
[Date "2023.01.10"]
[WhiteClock "0:00:27"]
[BlackClock "0:00:02"]

1. e4 Nc6 2. Nf3 d6 3. Nc3 Nf6 4. d4 g6 5. d5 Nb8 6. Bd3 Bg4 7. O-O Nbd7 8. h3 Bxf3 9. Qxf3 Bg7 10. Qe2 c6 11. dxc6 bxc6 12. f4 Qc7 13. Bd2 O-O 14. Rae1 e6 15. b3 a5 16. Na4 Nb6 17. Nxb6 Qxb6+ 18. Kh2 d5 19. e5 Nd7 20. h4 a4 21. h5 axb3 22. axb3 Nc5 23. Rf3 Nxd3 24. Qxd3 Qb5 25. c4 dxc4 26. bxc4 Qa4 27. Qe4 Rfd8 28. Be3 Qa2 29. Rh3 Rab8 30. Bc5 Rd2 31. h6 Bf8 32. Bxf8 Rxf8 33. Qxc6 Rc2 34. f5 Qxc4 35. Qxc4 Rxc4 36. f6 Rd4 37. Rb3 Rh4+ 38. Kg3 Rxh6 39. Reb1 Rh5 40. Rb8 Rg5+ 41. Kf4 Rf5+ 42. Ke4 1-0


[Site "https://www.chess.com"]

[Event "Titled Tuesday Blitz January 10 Early 2023"]
[White "Ibarra Jerez, Jose Carlos"]
[Black "Orozbaev, Eldiar"]
[WhiteFideId "2226332"]
[BlackFideId "13802240"]
[WhiteElo "2563"]
[BlackElo "2235"]
[Result "0-1"]
[Round "05"]
[TimeControl "180+2"]
[Date "2023.01.10"]
[WhiteClock "0:00:20"]
[BlackClock "0:00:48"]

1. e4 e6 2. d4 d5 3. Nc3 Nf6 4. Bg5 dxe4 5. Nxe4 Be7 6. Bxf6 gxf6 7. Nf3 f5 8. Nc3 c5 9. d5 Bf6 10. Bb5+ Kf8 11. Qd2 e5 12. d6 e4 13. Ng1 Be6 14. Nh3 a6 15. Be2 Nc6 16. Na4 b6 17. c3 Rg8 18. Nf4 Ne5 19. b3 Rc8 20. Bxa6 Rc6 21. Rd1 Rxg2 22. Nxe6+ fxe6 23. Qh6+ Kg8 24. Bb5 Rg6 25. Qh3 Rxd6 26. Ke2 Nf3 27. Rxd6 Qxd6 28. Rd1 Ng1+ 29. Rxg1 Rxg1 30. Nb2 Bg5 31. f4 exf3+ 32. Kxf3 Qf4+ 33. Ke2 Qd2+ 34. Kf3 Qxb2 0-1


[Site "https://www.chess.com"]

[Event "Titled Tuesday Blitz January 10 Early 2023"]
[White "Jones, Gawain C B"]
[Black "Domingo Nunez, Ruben"]
[WhiteFideId "409561"]
[BlackFideId "22245570"]
[WhiteElo "2618"]
[BlackElo "2416"]
[Result "1-0"]
[Round "05"]
[TimeControl "180+2"]
[Date "2023.01.10"]
[WhiteClock "0:00:09"]
[BlackClock "0:00:12"]

1. c4 g6 2. Nc3 Bg7 3. d4 d6 4. e4 Nd7 5. f4 a6 6. Nf3 c5 7. d5 b5 8. cxb5 axb5 9. Bxb5 Qa5 10. a4 Ba6 11. Bd2 Qb4 12. O-O Nh6 13. Bxa6 Rxa6 14. Nb5 Qc4 15. Nc7+ Kf8 16. b3 Qd3 17. Nxa6 Qxa6 18. Rc1 Ng4 19. Qe1 Qd3 20. Bc3 Ngf6 21. Nd2 h5 22. Rf3 Qa6 23. Nc4 Kg8 24. Rd1 Kh7 25. h3 Rb8 26. e5 Ne8 27. e6 fxe6 28. dxe6 Ndf6 29. f5 gxf5 30. Ne3 d5 31. Nxd5 Ne4 32. Rxf5 Qxe6 33. Rxh5+ Kg8 34. Bxg7 Nxg7 35. Nf4 Qc6 36. Re5 Nf6 37. Rxe7 Rxb3 38. Rd8+ Nfe8 39. Rdxe8+ Nxe8 40. Rxe8+ 1-0


[Site "https://www.chess.com"]

[Event "Titled Tuesday Blitz January 10 Early 2023"]
[White "Kadric, Denis"]
[Black "Seo, Jung Min"]
[WhiteFideId "14403803"]
[BlackFideId "1734687"]
[WhiteElo "2601"]
[BlackElo "2494"]
[Result "1-0"]
[Round "05"]
[TimeControl "180+2"]
[Date "2023.01.10"]
[WhiteClock "0:02:16"]
[BlackClock "0:00:31"]

1. e4 c5 2. Nc3 Nc6 3. Nge2 g6 4. d4 cxd4 5. Nxd4 Bg7 6. Be3 Nf6 7. Bc4 O-O 8. Bb3 d6 9. f3 Bd7 10. h4 h5 11. Qd2 a6 12. O-O-O Rc8 13. Kb1 b5 14. g4 hxg4 15. h5 Nxh5 16. Nf5 Bxf5 17. exf5 Na5 18. fxg4 Nxb3 19. axb3 Nf6 20. Qh2 Qc7 21. Bd4 Rfe8 22. Bxf6 exf6 23. Nd5 Qc5 24. g5 Re5 25. gxf6 1-0


[Site "https://www.chess.com"]

[Event "Titled Tuesday Blitz January 10 Early 2023"]
[White "Wagner, Dennis"]
[Black "Zhigalko, Sergei"]
[WhiteFideId "24650684"]
[BlackFideId "13502956"]
[WhiteElo "2595"]
[BlackElo "2572"]
[Result "0-1"]
[Round "05"]
[TimeControl "180+2"]
[Date "2023.01.10"]
[WhiteClock "0:00:01"]
[BlackClock "0:00:21"]

1. d4 Nf6 2. c4 e6 3. g3 c5 4. Nf3 cxd4 5. Nxd4 Qc7 6. Nc3 a6 7. Bg2 Qxc4 8. Bf4 Nc6 9. Nb3 d5 10. Rc1 Qb4 11. O-O Be7 12. a3 Qb6 13. e4 Nxe4 14. Nxe4 dxe4 15. Be3 Qb5 16. Bxe4 O-O 17. Qc2 h6 18. Nc5 e5 19. Bd3 Qa5 20. b4 Qxa3 21. Bc4 Nd4 22. Bxd4 exd4 23. Nd3 Bf5 24. Qe2 Bg5 25. Rc2 Rac8 26. Qf3 Rxc4 27. Rxc4 Qxd3 0-1


[Site "https://www.chess.com"]

[Event "Titled Tuesday Blitz January 10 Early 2023"]
[White "Pultinevicius, Paulius"]
[Black "Boyer, Mahel"]
[WhiteFideId "12809390"]
[BlackFideId "45102422"]
[WhiteElo "2537"]
[BlackElo "2489"]
[Result "1-0"]
[Round "05"]
[TimeControl "180+2"]
[Date "2023.01.10"]
[WhiteClock "0:00:19"]
[BlackClock "0:00:03"]

1. d4 d5 2. Bf4 e6 3. e3 Bd6 4. Bg3 Nf6 5. Nd2 c5 6. Ngf3 O-O 7. c3 Qc7 8. dxc5 Qxc5 9. Bd3 Nbd7 10. e4 Bxg3 11. hxg3 dxe4 12. Nxe4 Nxe4 13. Bxe4 Nf6 14. Qe2 Rd8 15. Ne5 h6 16. Bc2 b6 17. f4 Bb7 18. g4 Nd5 19. Nd3 Qe3 20. c4 Qg3+ 21. Qf2 Qxf2+ 22. Kxf2 Nxf4 23. Rhd1 Nxg2 24. b4 Rac8 25. c5 Rd4 26. Ne5 bxc5 27. bxc5 Rd5 28. Rxd5 Bxd5 29. Rc1 Nf4 30. Ke3 g5 31. Ba4 Kg7 32. Bd7 Rc7 33. c6 f6 34. Nf3 Bxf3 35. Kxf3 Kf7 36. Ke4 Ke7 37. Rh1 1-0


[Site "https://www.chess.com"]

[Event "Titled Tuesday Blitz January 10 Early 2023"]
[White "Svane, Frederik"]
[Black "Klukin, Kirill"]
[WhiteFideId "12923044"]
[BlackFideId "24199273"]
[WhiteElo "2600"]
[BlackElo "2390"]
[Result "1-0"]
[Round "05"]
[TimeControl "180+2"]
[Date "2023.01.10"]
[WhiteClock "0:02:11"]
[BlackClock "0:01:27"]

1. e4 c5 2. Nf3 Nc6 3. Bb5 g6 4. O-O Bg7 5. Re1 Nf6 6. Bxc6 bxc6 7. d3 O-O 8. Nc3 d6 9. e5 Nd5 10. exd6 exd6 11. Ne4 Bf5 12. Rb1 Rb8 13. Bg5 Qc7 14. c4 Bxe4 15. dxe4 Nb6 16. b3 Rfe8 17. Qd3 h6 18. Bf4 Rbd8 19. Rbd1 Nc8 20. Qe3 Qa5 21. Bxh6 Qxa2 22. Bxg7 Kxg7 23. Qc3+ Kg8 24. Ra1 1-0


[Site "https://www.chess.com"]

[Event "Titled Tuesday Blitz January 10 Early 2023"]
[White "Baskakov, Egor"]
[Black "Garcia Ramos, Daniel"]
[WhiteFideId "24197866"]
[BlackFideId "32010311"]
[WhiteElo "2215"]
[BlackElo "2442"]
[Result "1-0"]
[Round "05"]
[TimeControl "180+2"]
[Date "2023.01.10"]
[WhiteClock "0:00:15"]
[BlackClock "0:00:01"]

1. e4 c6 2. d4 d5 3. e5 Bf5 4. Ne2 e6 5. Ng3 Bg6 6. h4 f6 7. h5 Bf7 8. f4 Nh6 9. Nd2 Be7 10. Nf3 Nd7 11. Bd3 f5 12. Ng5 Ng4 13. Be2 Nh6 14. O-O O-O 15. Be3 c5 16. c3 Qb6 17. Qb3 c4 18. Qc2 Qc7 19. Nh1 b5 20. Nf2 a5 21. Nxf7 Rxf7 22. g4 fxg4 23. Nxg4 Nf5 24. Bf2 Raf8 25. Kg2 Bh4 26. Bg1 g6 27. hxg6 Rg7 28. gxh7+ Kxh7 29. Kh1 Rfg8 30. Ne3 Kh8 31. Nxf5 exf5 32. Rf3 Bg3 33. Rxg3 Rxg3 34. Bh2 Rg2 35. Qxf5 Nf8 36. Bf3 R2g6 37. Qh5+ Nh7 38. Bxd5 R8g7 39. Be4 Re6 40. f5 Re8 41. f6 1-0


[Site "https://www.chess.com"]

[Event "Titled Tuesday Blitz January 10 Early 2023"]
[White "Shimanov, Aleksandr"]
[Black "Murzin, Volodar"]
[WhiteFideId "4198603"]
[BlackFideId "44155573"]
[WhiteElo "2581"]
[BlackElo "2604"]
[Result "0-1"]
[Round "05"]
[TimeControl "180+2"]
[Date "2023.01.10"]
[WhiteClock "0:00:06"]
[BlackClock "0:00:05"]

1. b3 e5 2. Bb2 Nc6 3. c4 g6 4. Nf3 Bg7 5. e3 Nge7 6. d3 O-O 7. Qc2 d5 8. cxd5 Nxd5 9. a3 Bg4 10. Be2 Bxf3 11. Bxf3 Ndb4 12. axb4 Nxb4 13. Qd2 Nxd3+ 14. Ke2 Nxb2 15. Bxb7 Qb8 16. Bxa8 Qb5+ 17. Kf3 Rxa8 18. Nc3 e4+ 19. Nxe4 Qf5+ 20. Kg3 Qxe4 21. f3 Be5+ 22. Kf2 Qd3 23. Qe2 Rd8 24. Rab1 Qd2 25. f4 Bxf4 26. Rxb2 Bxe3+ 27. Kg3 Qc3 28. Rc2 Qd4 29. Rf1 h5 30. Rc4 Qe5+ 31. Kh3 Rd2 32. Qf3 Qe6+ 33. g4 Bd4 34. Rc6 hxg4+ 35. Kh4 Rxh2+ 36. Kg5 Rh5+ 37. Kf4 Rf5+ 38. Kxg4 Rxf3+ 39. Rxe6 Rxf1 0-1


[Site "https://www.chess.com"]

[Event "Titled Tuesday Blitz January 10 Early 2023"]
[White "Ohanyan, Emin"]
[Black "Arabidze, Meri"]
[WhiteFideId "13312022"]
[BlackFideId "13604040"]
[WhiteElo "2444"]
[BlackElo "2441"]
[Result "0-1"]
[Round "05"]
[TimeControl "180+2"]
[Date "2023.01.10"]
[WhiteClock "0:00:02"]
[BlackClock "0:00:07"]

1. e4 c5 2. Nf3 e6 3. d4 cxd4 4. Nxd4 Nc6 5. Nc3 a6 6. Nxc6 bxc6 7. Bd3 d5 8. O-O Nf6 9. e5 Nd7 10. Re1 Bb7 11. Qg4 Qc7 12. Qg3 c5 13. b3 g6 14. h4 Bg7 15. Bf4 O-O-O 16. h5 Rhg8 17. h6 Bh8 18. Qh2 Qc6 19. a4 Kb8 20. Nd1 Ka8 21. Ne3 f6 22. Ng4 f5 23. Nf6 Nxf6 24. exf6 Bxf6 25. Bb5 Qc8 26. Be5 Rgf8 27. Bxf6 Rxf6 28. Qe5 Rdf8 29. Be2 Qb8 30. Bf3 Qxe5 31. Rxe5 g5 32. Rae1 g4 33. Bd1 Rxh6 34. Rxe6 Rxe6 35. Rxe6 Rf7 36. g3 Ka7 37. a5 h5 38. Be2 h4 39. gxh4 Rh7 40. Rf6 Rxh4 41. Rxf5 d4 42. f3 gxf3 43. Bxf3 Bxf3 44. Rxf3 Kb7 45. Rf6 Rh3 46. Rb6+ Ka7 47. b4 Rc3 48. bxc5 Rxc5 49. Rd6 Rxa5 50. Rxd4 Rc5 51. Rd2 Kb6 52. Kf2 Kb5 53. Ke2 a5 54. Kd1 Kb4 55. Kc1 a4 56. Rd4+ Rc4 57. Rd8 a3 58. Rb8+ Ka4 59. Ra8+ Kb4 60. Kb1 Rh4 61. Ka2 Rh3 62. Rb8+ Ka4 63. Rc8 Kb4 64. Rb8+ Ka4 65. Rb7 Rg3 66. Rh7 Rf3 67. Rh4+ Kb5 68. Re4 Ka5 69. Rd4 Kb5 70. Rh4 Ka5 71. Rg4 Kb5 72. Ka1 Ka5 73. Kb1 Kb5 74. Rg8 Ka5 75. Rb8 Ka4 76. Rb7 Rg3 77. Kc1 Rg1+ 78. Kd2 Rg3 79. Rb8 Rh3 80. c4 a2 81. Kc2 Rh2+ 82. Kd3 Ka3 83. c5 Rh4 84. Kc3 Rh3+ 85. Kc4 Rh4+ 86. Kd5 a1=Q 87. Ra8+ Ra4 88. Re8 Qa2+ 89. Kc6 Qg2+ 90. Kb5 Rb4+ 91. Ka5 Ra4+ 92. Kb6 Qb2+ 93. Kc6 Ra6+ 94. Kd5 Qb3+ 95. Ke5 Qe3+ 96. Kd5 Qxe8 0-1


[Site "https://www.chess.com"]

[Event "Titled Tuesday Blitz January 10 Early 2023"]
[White "Tatarinov, Dmitry"]
[Black "Alexakis, Dimitris"]
[WhiteFideId "24160067"]
[BlackFideId "4277023"]
[WhiteElo "2310"]
[BlackElo "2436"]
[Result "0-1"]
[Round "05"]
[TimeControl "180+2"]
[Date "2023.01.10"]
[WhiteClock "0:00:57"]
[BlackClock "0:01:06"]

1. c4 g6 2. g3 Bg7 3. Bg2 Nf6 4. Nc3 O-O 5. e4 d6 6. d4 c5 7. Nge2 Nc6 8. d5 Na5 9. Qd3 Nd7 10. f4 a6 11. a4 Nb3 12. Ra3 Nxc1 13. Nxc1 Rb8 14. O-O Nf6 15. Kh1 Ne8 16. Rb3 Nc7 17. a5 Na8 18. Ra3 b5 19. axb6 Rxb6 20. Nb3 Bd7 21. e5 Qb8 22. Ne4 Bf5 23. h3 dxe5 24. fxe5 Bxe5 25. g4 Bxe4 26. Bxe4 Bxb2 27. Nxc5 Bxa3 28. Qxa3 Qd6 29. Qe3 Rc8 30. Na4 Rb4 31. c5 Qe5 32. Nc3 Rc4 33. Rxf7 Rxc3 34. Qh6 Qxe4+ 35. Kg1 Qe3+ 36. Qxe3 Rxe3 37. Rxe7 Rxe7 0-1


[Site "https://www.chess.com"]